 Dungeon Crawl Stone Soup version 0.18-a0-1267-gff090c1 (webtiles) character file.

1392 alf the Shield-Bearer (level 9, -10/68 HPs)
             Began as a Formicid Fighter on Feb 6, 2016.
             Was a Follower of Pakellas.
             Mangled by an ogre
             ... wielding a +0 giant club
              (14 damage)
             ... on level 5 of the Dungeon.
             The game lasted 00:24:52 (5464 turns).

alf the Shield-Bearer (Formicid Fighter)            Turns: 5464, Time: 00:24:52

Health: -10/68     AC:  7    Str: 21    XL:     9   Next: 0%
Magic:  10/10      EV: 10    Int:  8    God:    Pakellas [*.....]
Gold:   302        SH: 10    Dex: 13    Spells: 0 memorised, 8 levels left

rFire  . . .     SeeInvis +     a - +0 quarterstaff
rCold  . . .     Gourm    .     b - +0 scale mail
rNeg   . . .     Faith    .     c - +0 shield
rPois  .         Spirit   .     (helmet unavailable)
rElec  +         Dismiss  .     (no cloak)
rCorr  .         Reflect  .     (no gloves)
SustAt .         Harm     .     (no boots)
MR     .....                    (no amulet)
Stlth  ..........               (no ring)
                                (no ring)

@: not resistant to hostile enchantments, extremely unstealthy
A: permanent stasis, dig shafts and tunnels, four strong arms, antennae 3,
mutation resistance 1, electricity resistance, wild magic 1
a: Dig, Shaft Self, Quick Charge, Renounce Religion


You were on level 5 of the Dungeon.
You worshipped Pakellas.
Pakellas was aware of your devotion.
You were not hungry.

You visited 2 branches of the dungeon, and saw 6 of its levels.

You collected 302 gold pieces.

Inventory:

Hand Weapons
 a - a +0 quarterstaff (weapon)
 z - a +0 hunting sling
Missiles
 k - 129 stones (quivered)
 m - 10 poisoned needles
 r - 29 sling bullets of flame
 C - a throwing net
Armour
 b - a +0 scale mail (worn)
 c - a +0 shield (worn)
Wands
 w - a wand of digging (15/24)
Scrolls
 e - a scroll of remove curse {unknown}
 h - 10 scrolls of identify {unknown}
 i - a scroll of fear {unknown}
 n - a scroll of amnesia {unknown}
 o - 2 scrolls of teleportation {unknown}
 p - a scroll of magic mapping {unknown}
 u - a scroll of fog {unknown}
 y - 3 scrolls of enchant armour {unknown}
 A - a scroll of recharging {unknown}
Potions
 d - 2 potions of might
 j - a potion of resistance {unknown}
 l - a potion of flight {unknown}
 q - a potion of brilliance {unknown}
 t - a potion of haste {unknown}
 v - a potion of heal wounds {unknown}
Comestibles
 f - 4 bread rations
 g - a meat ration
 s - a beef jerky
 x - a slice of pizza
 B - a chunk of flesh


   Skills:
 + Level 5.2 Fighting
 + Level 5.6 Staves
 * Level 2.5 Slings
 + Level 5.8 Armour
 + Level 3.3 Dodging
 + Level 6.1 Shields
 * Level 2.3 Evocations


You had 8 spell levels left.
You didn't know any spells.

Dungeon Overview and Level Annotations

Branches:
Dungeon (5/15)             Temple (1/1) D:5

Altars:
Ashenzari
Cheibriados
Dithmenos
Elyvilon
Fedhas
Gozag
Makhleb
Nemelex Xobeh
Pakellas
Ru
Vehumet
Xom


Innate Abilities, Weirdness & Mutations

You are under a permanent stasis effect.
You can dig through walls and to a lower floor.
Your four strong arms can wield two-handed weapons with a shield.
You have a pair of large antennae on your head (SInv).
You are somewhat resistant to further mutation.
You are resistant to electric shocks.
Your spells are a little harder to cast, but a little more powerful.


Message History

The ogre hits you with a giant club!!
You hit the ogre.
The ogre is heavily wounded.
The ogre hits you with a giant club!!
* * * LOW HITPOINT WARNING * * *
You hit the ogre.
The ogre is heavily wounded.
You block the ogre's attack.
You barely miss the ogre.
The ogre is heavily wounded.
The ogre closely misses you.
You hit the ogre.
The ogre is severely wounded.
The ogre barely misses you.
You hit the ogre.
The ogre is almost dead.
You hit the ogre.
The ogre is almost dead.
The ogre hits you with a giant club!
You die...

#..# #..# # #..# ### #.
##..# ########## # #..
#.#.###..[###........#
{##.##
...........#.######.#
......#####.#.###.#.#.#
#.# {#..........OO##
##....## #.# #.##o.#{#
#.#@###.#.##.# #.#
#.o...#.#
#.##.#....#### #.#
#.#.# #.###.##..# #.#
#.#.# #.# ####..# #.#
#.#.# #.######..# #.#
#.#.######o........#
#.#
#..{.{.....######.##
#.. ........######o#
#.# ###
#########<.O...# #.# ##


You could see 2 ogres.

Vanquished Creatures
  The ghost of wvc the Chopper, an amateur DrWn of Cheibriados (D:5)
  A sky beast (D:5)
  3 phantoms
  An ogre (D:4)
  2 scorpions
  The ghost of wvc the Skirmisher, a weakling DrWn (D:3)
  A giant frog zombie (D:5)
  A jelly (D:5)
  An orc priest (D:5)
  An iguana (D:4)
  A giant frog skeleton (D:4)
  Natasha (D:4)
  5 orc wizards
  4 worker ants
  A worker ant zombie (D:5)
  Robin (D:2)
  6 adders
  An adder skeleton (D:3)
  2 worms
  2 giant geckos
  6 orcs
  A ball python (D:3)
  8 bats
  9 giant cockroaches
  17 goblins
  16 hobgoblins
  10 jackals
  6 kobolds
  3 quokkas
  A giant gecko skeleton (D:3)
  2 giant newts
  2 quokka skeletons
  9 rats
127 creatures vanquished.

Notes
Turn   | Place    | Note
--------------------------------------------------------------
     0 | D:1      | alf the Formicid Fighter began the quest for the Orb.
     0 | D:1      | Reached XP level 1. HP: 18/18 MP: 1/1
    67 | D:1      | Reached XP level 2. HP: 21/24 MP: 2/2
   292 | D:1      | Reached XP level 3. HP: 28/30 MP: 3/3
   630 | D:1      | Reached skill level 4 in Shields
   740 | D:2      | Reached XP level 4. HP: 35/37 MP: 4/4
   882 | D:2      | Noticed Robin
   935 | D:2      | Reached skill level 1 in Dodging
  1124 | D:2      | Killed Robin
  1124 | D:2      | Reached XP level 5. HP: 36/42 MP: 5/5
  1324 | D:2      | Found a shadowy altar of Dithmenos.
  1473 | D:3      | Noticed wvc's ghost (weakling DrWn)
  1698 | D:3      | Killed wvc's ghost
  1840 | D:3      | Reached XP level 6. HP: 20/48 MP: 6/6
  2050 | D:3      | Found a shimmering altar of Xom.
  2084 | D:3      | Found a snail-covered altar of Cheibriados.
  2283 | D:3      | You fall through a shaft for 2 floors!
  2283 | D:5      | Entered Level 5 of the Dungeon
  2664 | D:5      | Noticed a phantom
  2733 | D:5      | Killed a phantom
  2830 | D:5      | Reached XP level 7. HP: 49/55 MP: 7/7
  2899 | D:5      | Reached skill level 5 in Shields
  3088 | D:5      | HP: 2/55 [acid (7)]
  3089 | D:5      | Reached skill level 5 in Armour
  3200 | D:5      | Gained mutation: Your spells are a little harder to cast, but a little more powerful. [mutagenic meat]
  3201 | D:5      | Gained mutation: You are resistant to electric shocks. [mutagenic meat]
  3202 | D:5      | Gained mutation: You are somewhat resistant to further mutation. [mutagenic meat]
  3565 | D:5      | Found a staircase to the Ecumenical Temple.
  3571 | Temple   | Entered the Ecumenical Temple
  3578 | Temple   | Became a worshipper of Pakellas the Inventive
  3643 | D:4      | Reached XP level 8. HP: 41/61 MP: 8/8
  3979 | D:4      | Reached skill level 5 in Staves
  4602 | D:4      | Reached skill level 1 in Evocations
  4757 | D:4      | Reached skill level 1 in Slings
  4964 | D:4      | Reached skill level 5 in Fighting
  4991 | D:4      | Reached * piety under Pakellas
  5148 | D:4      | Found a shattered altar of Ashenzari.
  5163 | D:4      | Noticed Natasha
  5189 | D:4      | Killed Natasha
  5431 | D:5      | Noticed wvc's ghost (amateur DrWn)
  5446 | D:5      | Killed wvc's ghost
  5446 | D:5      | Reached skill level 6 in Shields
  5446 | D:5      | Reached XP level 9. HP: 68/68 MP: 10/10
  5459 | D:5      | HP: 2/68 [ogre/giant club (25)]
  5464 | D:5      | Mangled by an ogre

Vault maps used:
D:1:      denvon_arrival_waterhouse
D:2:      marbit_many_paths, uniq_robin
D:3:      cheibriados_altar_1, lemuel_round_altar
D:4:      minivault_27, nicolae_ashenzari_panopticon, uniq_natasha
D:5:      minmay_temple_entry_enclosed_plants, first_bread
Temple:   nicolae_temple_no_exploring_needed

Action                   |  1- 3 |  4- 6 |  7- 9 || total
-------------------------+-------+-------+-------++-------
Melee: Quarterstaff      |    81 |   245 |   275 ||   601
 Fire: Hunting sling     |       |       |     3 ||     3
Throw: Stone             |       |     4 |       ||     4
 Abil: Dig               |       |     7 |     5 ||    12
  Eat: Chunk             |       |     7 |    12 ||    19
